Map: Jagannatha LE

Players

Nina - Winner!

  • Race: Protoss Protoss
  • League: Grandmaster

MCanning

  • Race: Protoss Protoss

Event: DreamHack SC2 Masters 2021 Summer

VOD

Have the link to the VOD?

Description

Time

  • Played on: May 28, 2021, 4:52 p.m.
  • Length: 22:35

All games in this series

Show
View Real Time Build Order
Export as new Build Order

Nina Protoss - Winner!

Build Orders:  

Get SALT Encoding   

  12  0:00  Probe  
  13  0:12  Probe  
  14  0:17  Pylon  
  14  0:24  Probe  
  15  0:36  Probe (Chrono Boost), Gateway  
  16  0:47  Probe (Chrono Boost), Assimilator  
  17  0:52  Probe (Chrono Boost)  
  18  1:03  Probe (Chrono Boost)  
  19  1:13  Assimilator  
  19  1:14  Probe (Chrono Boost)  
  19  1:16  Gateway  
  20  1:19  Probe (Chrono Boost)  
  21  1:25  Cybernetics Core  
  21  1:30  Probe  
  22  1:39  Pylon  
  22  1:42  Probe  
  23  1:57  Probe  
  24  2:04  Stalker  
  24  2:05  Stalker  
  28  2:09  Probe  
  29  2:18  Pylon, Warp Gate (Chrono Boost)  
  29  2:22  Probe  
  30  2:34  Probe  
  31  2:40  Stalker  
  31  2:41  Stalker  
  34  2:52  Nexus  
  34  2:55  Probe  
  35  3:03  Pylon  
  36  3:14  Stalker  
  36  3:16  Stalker  
  39  3:21  Probe  
  39  3:24  Pylon  
  40  3:33  Probe  
  41  3:40  Twilight Council  
  41  3:45  Probe (Chrono Boost)  
  42  3:49  Forge  
  43  3:57  Probe (Chrono Boost)  
  43  3:59  Stalker  
  43  4:02  Stalker  
  47  4:04  Probe (Chrono Boost)  
  47  4:08  Probe (Chrono Boost)  
  49  4:14  Blink (Chrono Boost)  
  50  4:19  Probe (Chrono Boost)  
  50  4:21  Probe (Chrono Boost)  
  51  4:27  Photon Cannon  
  49  4:34  Probe  
  49  4:36  Probe, Protoss Ground Weapons Level 1 (Chrono Boost), Stalker  
  49  4:40  Stalker  
  51  4:46  Probe  
  51  4:48  Probe  
  53  4:57  Gateway  
  53  5:00  Gateway  
  53  5:01  Probe  
  53  5:05  Gateway  
  53  5:06  Probe  
  55  5:10  Stalker  
  57  5:15  Probe  
  57  5:16  Shield Battery  
  58  5:21  Gateway  
  58  5:24  Stalker  
  60  5:31  Pylon  
  60  5:33  Stalker  
  62  5:38  Assimilator  
  62  5:48  Stalker  
  64  5:52  Stalker  
  64  5:53  Pylon  
  64  5:56  Stalker x2  
  70  6:03  Stalker  
  72  6:12  Pylon  
  72  6:17  Nexus  
  72  6:22  Stalker x2  
  72  6:23  Probe  
  72  6:25  Probe  
  78  6:34  Robotics Facility  
  78  6:36  Probe  
  79  6:41  Stalker  
  79  6:43  Stalker  
  79  6:45  Probe  
  84  6:49  Stalker  
  84  6:50  Assimilator  
  84  6:52  Probe  
  87  6:57  Pylon  
  87  6:59  Stalker  
  89  7:03  Stalker  
  89  7:04  Probe  
  89  7:05  Probe  
  89  7:07  Pylon  
  91  7:26  Stalker x4  
  91  7:27  Probe x2  
  101  7:32  Observer (Chrono Boost)  
  102  7:37  Gateway  
  102  7:38  Gateway  
  102  7:39  Probe  
  102  7:41  Protoss Ground Weapons Level 2 (Chrono Boost)  
  102  7:42  Probe  
  104  7:44  Probe  
  105  7:53  Photon Cannon  
  105  7:58  Photon Cannon  
  103  8:07  Stalker x2  
  103  8:08  Probe x2  
  103  8:09  Probe  
  111  8:13  Observer (Chrono Boost), Shield Battery  
  111  8:17  Pylon  
  111  8:19  Charge  
  111  8:23  Gateway  
  111  8:25  Pylon  
  113  8:34  Stalker x3  
  115  8:37  Stalker  
  119  8:41  Pylon  
  119  8:53  Nexus  
  119  8:59  Stalker x3  
  119  9:02  Probe x2  
  127  9:07  Probe  
  128  9:10  Pylon  
  128  9:13  Robotics Bay  
  128  9:14  Robotics Facility  
  128  9:16  Probe  
  129  9:19  Assimilator  
  129  9:20  Assimilator  
  129  9:21  Probe  
  129  9:22  Observer (Chrono Boost)  
  131  9:27  Pylon  
  131  9:28  Pylon  
  131  9:29  Photon Cannon  
  131  9:31  Probe  
  126  9:41  Stalker x3  
  126  9:42  Stalker  
  126  9:44  Probe  
  126  9:45  Probe  
  136  9:52  Stalker x2  
  140  9:57  Disruptor (Chrono Boost)  
  140  10:05  Photon Cannon  
  140  10:06  Pylon, Protoss Ground Weapons Level 3 (Chrono Boost)  
  143  10:08  Probe x2  
  143  10:09  Probe  
  146  10:15  Disruptor (Chrono Boost)  
  149  10:21  Shield Battery  
  149  10:24  Probe, Photon Cannon  
  149  10:25  Probe  
  149  10:26  Probe x2  
  156  10:36  Probe  
  156  10:37  Stalker x3  
  156  10:38  Probe, Disruptor (Chrono Boost)  
  156  10:39  Probe  
  165  10:44  Probe  
  165  10:46  Assimilator x2  
  166  10:50  Probe  
  166  10:54  Disruptor  
  170  11:01  Nexus  
  168  11:07  Disruptor, Dark Shrine  
  168  11:08  Observer, Photon Cannon  
  171  11:19  Nexus  
  171  11:30  Disruptor  
  174  11:35  Probe  
  174  11:37  Probe, Pylon  
  176  11:43  Observer  
  177  11:56  Observer  
  177  12:04  Disruptor  
  177  12:05  Disruptor  
  177  12:08  Photon Cannon  
  183  12:09  Zealot x6  
  183  12:14  Photon Cannon  
  195  12:16  Probe, Pylon  
  195  12:17  Probe  
  195  12:19  Pylon  
  197  12:24  Zealot x2  
  197  12:25  Zealot  
  197  12:29  Observer, Gravitic Boosters, Robotics Facility  
  194  12:34  Probe  
  193  12:39  Probe x2  
  193  12:40  Photon Cannon, Disruptor  
  193  12:41  Probe  
  193  12:42  Observer, Photon Cannon  
  193  12:44  Photon Cannon  
  199  13:02  Probe  
  199  13:03  Observer  
  190  13:06  Probe  
  188  13:17  Disruptor  
  188  13:18  Pylon  
  188  13:19  Pylon  
  191  13:25  Disruptor  
  128  13:37  Stalker x6  
  128  13:38  Stalker x3  
  128  13:39  Probe  
  128  13:40  Probe  
  137  13:49  Probe  
  137  13:52  Disruptor  
  141  13:55  Nexus  
  141  13:57  Pylon  
  141  13:58  Observer, Probe  
  141  13:59  Probe x2  
  141  14:01  Disruptor  
  141  14:02  Pylon  
  148  14:03  Photon Cannon, Shield Battery, Dark Templar x3  
  148  14:04  Dark Templar x3  
  148  14:08  Photon Cannon  
  158  14:11  Photon Cannon  
  158  14:13  Photon Cannon  
  156  14:17  Dark Templar x3  
  156  14:18  Disruptor  
  156  14:21  Probe  
  156  14:23  Probe  
  167  14:28  Disruptor  
  170  14:32  Probe  
  170  14:34  Probe  
  170  14:36  Probe x2, Assimilator x2  
  170  14:37  Observer  
  175  14:43  Stalker x4  
  183  14:54  Disruptor  
  183  15:05  Shadow Stride  
  179  15:13  Dark Templar x8  
  187  15:39  Zealot  
  160  15:54  Nexus  
  160  15:56  Zealot x5  
  160  15:57  Pylon, Zealot x2  
  174  15:59  Pylon  
  174  16:00  Pylon  
  174  16:04  Pylon  
  172  16:06  Protoss Shields Level 1  
  172  16:13  Dark Templar x2  
  174  16:24  Disruptor x2  
  166  16:34  Dark Templar x7  
  166  16:36  Observer  
  176  16:53  Stalker x2  
  173  16:55  Photon Cannon  
  173  16:56  Photon Cannon, Disruptor  
  173  16:59  Photon Cannon  
  173  17:00  Photon Cannon  
  176  17:02  Pylon  
  176  17:10  Dark Templar x6  
  176  17:12  Observer  
  176  17:13  Pylon, Nexus  
  189  17:19  Assimilator x2  
  186  17:28  Stalker x3  
  179  17:43  Zealot x6  
  185  17:57  Disruptor  
  186  18:00  Zealot x3  
  186  18:03  Disruptor  
  186  18:04  Probe, Disruptor  
  155  18:29  Dark Templar x6  
  155  18:30  Dark Templar x3  
  171  18:41  Disruptor  
  161  18:54  Disruptor  
  140  19:05  Stalker x7  
  132  19:22  Probe  
  132  19:23  Disruptor (Chrono Boost), Stalker x2  
  124  19:25  Probe  
  124  19:27  Probe  
  124  19:28  Zealot x6  
  124  19:29  Zealot  
  124  19:31  Disruptor x2 (Chrono Boost)  
  140  19:35  Probe  
  144  19:40  Probe  
  145  19:46  Pylon  
  145  19:47  Zealot x2  
  145  19:50  Zealot x7  
  163  19:53  Disruptor (Chrono Boost)  
  163  19:55  Shield Battery  
  163  19:57  Disruptor (Chrono Boost)  
  163  19:59  Disruptor  
  169  20:11  Photon Cannon  
  169  20:13  Dark Templar x4  
  176  20:14  Zealot x5  
  180  20:25  Observer  
  176  20:30  Probe  
  176  20:33  Disruptor, Nexus  
  176  20:35  Photon Cannon, Disruptor  
  183  20:37  Stalker x5  
  183  20:38  Photon Cannon x2  
  193  20:44  Pylon  
  193  20:52  Stalker x3  
  185  21:11  Dark Templar x5  
  185  21:12  Dark Templar  
  181  21:24  Dark Templar x3  
  180  21:26  Probe x2  
  180  21:29  Assimilator  
  171  21:35  Assimilator  
  169  21:44  Probe  
  169  21:46  Zealot  
  169  21:47  Zealot x5  
  166  21:48  Nexus  
  166  21:53  Disruptor  
  175  22:04  Zealot x3  
Show
View Real Time Build Order
Export as new Build Order

MCanning Protoss 

Build Orders:  

Get SALT Encoding   

  12  0:00  Probe  
  13  0:12  Probe  
  14  0:17  Pylon  
  14  0:24  Probe  
  15  0:36  Probe (Chrono Boost)  
  15  0:38  Gateway  
  16  0:47  Probe (Chrono Boost), Assimilator  
  17  0:52  Probe (Chrono Boost)  
  17  0:55  Assimilator  
  18  1:03  Probe (Chrono Boost)  
  20  1:12  Probe (Chrono Boost)  
  20  1:14  Gateway  
  20  1:17  Probe (Chrono Boost)  
  21  1:27  Cybernetics Core  
  21  1:31  Probe  
  22  1:39  Pylon  
  22  1:43  Probe  
  23  1:57  Probe  
  24  2:04  Sentry, Stalker, Warp Gate (Chrono Boost)  
  28  2:09  Probe  
  28  2:15  Pylon  
  29  2:22  Shield Battery  
  29  2:27  Pylon  
  29  2:30  Probe  
  30  2:38  Stalker  
  30  2:42  Probe  
  30  2:43  Stalker  
  35  3:03  Nexus  
  35  3:16  Probe  
  35  3:17  Shield Battery  
  36  3:28  Probe, Pylon  
  37  3:39  Twilight Council  
  37  3:40  Probe  
  38  3:49  Stalker x2  
  38  3:53  Probe  
  43  4:05  Probe  
  44  4:12  Forge  
  44  4:13  Sentry  
  44  4:16  Probe (Chrono Boost)  
  47  4:18  Sentry  
  47  4:23  Probe (Chrono Boost)  
  50  4:26  Probe (Chrono Boost)  
  50  4:30  Probe (Chrono Boost)  
  52  4:33  Probe (Chrono Boost)  
  52  4:34  Blink (Chrono Boost)  
  52  4:35  Robotics Facility  
  52  4:37  Protoss Ground Weapons Level 1  
  53  4:41  Probe (Chrono Boost)  
  55  4:50  Probe x2 (Chrono Boost)  
  56  4:54  Pylon  
  56  4:55  Probe (Chrono Boost)  
  56  4:56  Probe  
  58  5:02  Stalker  
  60  5:07  Probe  
  60  5:08  Probe  
  60  5:10  Assimilator  
  62  5:19  Nexus  
  62  5:21  Probe x2  
  62  5:24  Observer  
  62  5:26  Pylon  
  65  5:33  Probe  
  66  5:35  Gateway  
  66  5:37  Gateway  
  66  5:38  Probe  
  67  5:45  Stalker  
  67  5:46  Observer  
  67  5:47  Stalker  
  72  5:51  Probe  
  74  5:57  Probe, Pylon  
  74  6:02  Shield Battery  
  74  6:03  Probe  
  75  6:12  Photon Cannon  
  75  6:16  Stalker  
  75  6:17  Stalker  
  78  6:19  Immortal (Chrono Boost)  
  78  6:22  Shield Battery  
  78  6:25  Pylon  
  82  6:26  Pylon  
  82  6:29  Pylon  
  80  6:33  Pylon  
  80  6:35  Pylon  
  80  6:39  Gateway  
  80  6:40  Gateway  
  80  6:43  Probe x2  
  80  6:46  Protoss Ground Weapons Level 2 (Chrono Boost), Stalker x2  
  86  6:54  Stalker  
  86  6:55  Probe  
  89  7:02  Stalker  
  89  7:04  Probe  
  92  7:12  Stalker x2  
  94  7:21  Stalker  
  94  7:24  Observer  
  94  7:26  Probe  
  94  7:34  Nexus  
  94  7:36  Robotics Bay  
  94  7:37  Pylon  
  94  7:39  Stalker x2  
  98  7:48  Stalker x2  
  103  7:51  Probe  
  103  8:04  Shield Battery  
  99  8:05  Zealot x2  
  99  8:07  Charge  
  104  8:12  Probe  
  104  8:13  Assimilator  
  104  8:15  Stalker x2  
  108  8:20  Assimilator  
  108  8:21  Probe  
  108  8:24  Assimilator  
  109  8:28  Robotics Facility  
  109  8:33  Probe  
  110  8:37  Probe  
  110  8:40  Zealot x3  
  117  8:44  Disruptor (Chrono Boost)  
  117  8:45  Probe  
  121  8:52  Stalker x2  
  120  9:04  Disruptor (Chrono Boost)  
  120  9:05  Photon Cannon  
  120  9:07  Photon Cannon  
  123  9:16  Probe x2  
  125  9:20  Shield Battery  
  125  9:24  Probe  
  126  9:25  Photon Cannon  
  126  9:26  Zealot  
  126  9:28  Pylon  
  126  9:29  Disruptor (Chrono Boost)  
  126  9:41  Pylon  
  126  9:42  Probe  
  126  9:45  Stalker x3  
  131  9:47  Disruptor (Chrono Boost)  
  134  9:56  Probe  
  135  10:00  Dark Shrine  
  135  10:01  Observer (Chrono Boost)  
  135  10:05  Probe  
  137  10:10  Nexus, Pylon  
  137  10:13  Pylon  
  137  10:14  Protoss Ground Weapons Level 3 (Chrono Boost)  
  137  10:17  Observer (Chrono Boost)  
  137  10:20  Probe  
  137  10:23  Probe  
  137  10:26  Probe  
  139  10:32  Probe, Photon Cannon, Observer  
  139  10:33  Shield Battery  
  141  10:36  Disruptor  
  144  10:46  Photon Cannon x2  
  144  10:48  Shield Battery  
  144  10:51  Zealot x2  
  144  10:53  Disruptor (Chrono Boost)  
  149  11:02  Stalker x3  
  155  11:10  Probe, Disruptor (Chrono Boost)  
  155  11:11  Probe  
  157  11:13  Zealot x2  
  152  11:31  Probe  
  152  11:32  Stalker x4  
  153  11:36  Disruptor (Chrono Boost)  
  156  11:46  Probe  
  156  11:48  Assimilator, Shadow Stride  
  156  11:54  Zealot x2, Assimilator  
  152  11:55  Dark Templar x3  
  160  12:02  Disruptor  
  160  12:04  Probe  
  164  12:10  Stalker  
  164  12:14  Gateway  
  166  12:15  Stalker  
  166  12:20  Disruptor  
  166  12:21  Gateway  
  171  12:24  Probe  
  171  12:26  Stalker  
  171  12:29  Probe  
  167  12:33  Dark Templar  
  167  12:34  Photon Cannon, Dark Templar  
  167  12:35  Pylon  
  167  12:36  Shield Battery  
  169  12:42  Zealot, Dark Templar  
  169  12:43  Zealot  
  175  12:50  Stalker  
  177  12:51  Disruptor  
  180  13:03  Disruptor, Stalker x2  
  185  13:09  Zealot  
  185  13:10  Zealot x2  
  183  13:17  Zealot x2  
  187  13:25  Zealot  
  177  13:27  Disruptor (Chrono Boost)  
  177  13:29  Zealot x2  
  178  13:39  Disruptor (Chrono Boost)  
  178  13:40  Protoss Shields Level 1 (Chrono Boost)  
  181  13:45  Nexus  
  181  13:46  Pylon  
  181  13:47  Dark Templar x2  
  181  13:48  Dark Templar  
  183  13:54  Probe  
  184  13:56  Photon Cannon  
  184  14:03  Probe  
  184  14:07  Disruptor (Chrono Boost)  
  184  14:09  Photon Cannon  
  188  14:10  Shield Battery  
  188  14:11  Photon Cannon  
  188  14:13  Photon Cannon  
  188  14:16  Observer (Chrono Boost)  
  189  14:19  Gravitic Boosters  
  189  14:21  Dark Templar x2  
  193  14:29  Observer (Chrono Boost)  
  194  14:31  Photon Cannon  
  194  14:34  Zealot  
  196  14:39  Pylon  
  196  14:49  Photon Cannon x2  
  196  14:51  Pylon  
  196  14:56  Disruptor  
  199  15:02  Dark Templar  
  193  15:19  Disruptor  
  191  15:23  Zealot x2  
  191  15:24  Zealot x2  
  180  15:47  Zealot x3  
  180  15:48  Zealot  
  176  15:50  Disruptor, Nexus  
  176  15:53  Stalker x4  
  176  15:55  Disruptor (Chrono Boost)  
  187  16:05  Pylon  
  187  16:12  Photon Cannon  
  187  16:14  Pylon  
  181  16:22  Stalker  
  181  16:23  Disruptor (Chrono Boost), Stalker x4  
  181  16:24  Stalker x3  
  194  16:33  Disruptor (Chrono Boost)  
  195  16:45  Photon Cannon  
  185  16:47  Photon Cannon  
  185  16:49  Photon Cannon  
  185  16:50  Photon Cannon x2  
  185  16:51  Photon Cannon  
  185  16:54  Dark Templar x4  
  190  16:55  Dark Templar  
  190  16:58  Disruptor (Chrono Boost)  
  199  17:01  Observer (Chrono Boost)  
  199  17:02  Probe  
  199  17:07  Observer  
  200  17:09  Assimilator  
  200  17:13  Disruptor  
  200  17:14  Disruptor  
  200  17:28  Assimilator  
  200  17:43  Pylon  
  197  17:45  Pylon  
  197  17:47  Shield Battery  
  197  17:50  Disruptor  
  198  17:55  Nexus  
  198  17:56  Pylon  
  196  18:03  Dark Templar  
  196  18:04  Protoss Shields Level 2 (Chrono Boost), Dark Templar x2  
  196  18:13  Dark Templar  
  196  18:14  Zealot, Dark Templar  
  191  18:20  Zealot x2  
  191  18:21  Disruptor  
  181  18:41  Zealot x2  
  181  18:47  Zealot x6  
  186  18:55  Disruptor  
  141  19:08  Observer  
  121  19:20  Disruptor (Chrono Boost)  
  121  19:22  Stalker x3  
  121  19:23  Stalker x4  
  121  19:24  Stalker  
  132  19:27  Photon Cannon  
  132  19:29  Photon Cannon  
  132  19:31  Photon Cannon  
  132  19:32  Shield Battery x2  
  132  19:33  Photon Cannon  
  132  19:35  Shield Battery  
  135  19:45  Disruptor (Chrono Boost)  
  135  19:49  Dark Templar  
  135  19:50  Dark Templar x2  
  135  19:52  Disruptor (Chrono Boost)  
  144  20:05  Dark Templar x3  
  150  20:15  Disruptor (Chrono Boost)  
  141  20:26  Disruptor (Chrono Boost)  
  122  20:30  Probe  
  122  20:33  Assimilator  
  120  20:35  Assimilator  
  120  20:40  Stalker x3  
  120  20:41  Stalker x3  
  130  20:50  Disruptor  
  130  20:53  Zealot x2  
  137  21:04  Dark Templar x2  
  137  21:06  Zealot  
  133  21:12  Disruptor  
  111  21:26  Disruptor  
  114  21:33  Zealot x2  
  116  22:05  Dark Templar  
  118  22:11  Nexus  
Tags
 
Add a new tag
Caveats
  • Supply blocks, unpowered buildings, or Contaminate may cause inaccurate times.
  • Supply counts are checked every 10 seconds.